 Dungeon Crawl Stone Soup version 0.23.2-1-ga50397a (webtiles) character file.

Game seed: 12482038935909850018

4260 myga the Covert (level 10, 0/76 HPs)
             Began as a Vampire Assassin on Apr 15, 2019.
             Was an Initiate of Wu Jian.
             Slain by a hound (1 damage)
             ... on level 9 of the Dungeon on Apr 16, 2019.
             The game lasted 00:54:05 (13032 turns).

myga the Covert (Vampire Assassin)                 Turns: 13032, Time: 00:54:07

Health: 0/76       AC:  5    Str: 13    XL:     10   Next: 10%
Magic:  10/10      EV: 16    Int: 15    God:    Wu Jian [......]
Gold:   447        SH:  0    Dex: 15    Spells: 9/9 levels left

rFire    + + .     SeeInvis +   i - +1 rapier (venom)
rCold    + + .     Gourm    .   (no shield)
rNeg     + + +     Faith    .   k - +0 robe
rPois    ∞         Spirit   .   g - +0 helmet of Ytza {rF+ rC+}
rElec    .         Reflect  .   L - scarf {repulsion}
rCorr    .         Harm     .   (no gloves)
MR       ++...                  O - +1 pair of boots
Stlth    +++++++++.             z - amulet of the acrobat
HPRegen  0.00/turn              t - ring of stealth
MPRegen  0.12/turn              r - ring "Juop Unag" {Fire MR+}

@: bloodless, non-regenerating, repel missiles
A: fangs 3, see invisible, unbreathing
a: Bat Form, Renounce Religion


You were on level 9 of the Dungeon.
You worshipped Wu Jian.
Wu Jian was noncommittal.
You were bloodless.

You visited 2 branches of the dungeon, and saw 10 of its levels.
You also visited: Sewer.

You collected 447 gold pieces.

Inventory:

Hand Weapons
 a - a +2 dagger
 b - a +0 blowgun
 d - a +1 dagger of venom
 i - a +1 rapier of venom (weapon)
 w - a +0 glaive
Missiles
 c - 4 tomahawks of returning (quivered)
 e - 31 poisoned needles
 f - 2 curare-tipped needles
 l - 246 stones
 H - a throwing net
 J - 3 tomahawks
Armour
 g - the +0 helmet of Ytza (worn) {rF+ rC+}
   (You acquired it on level 7 of the Dungeon)

   It protects you from fire.
   It protects you from cold.
 k - a +0 robe (worn)
 E - a +0 cloak
 L - a scarf of repulsion (worn)
 O - a +1 pair of boots (worn)
Jewellery
 o - an uncursed ring of stealth
 r - the ring "Juop Unag" (right hand) {Fire MR+}
   (You found it on level 7 of the Dungeon)

   [ring of fire]

   It enhances your fire magic.
   It protects you from fire.
   It makes you vulnerable to cold.
   It affects your resistance to hostile enchantments.
 t - a ring of stealth (left hand)
 z - an amulet of the acrobat (around neck)
Wands
 h - a wand of enslavement (10)
 y - a wand of disintegration (13)
 G - a wand of paralysis (9)
Scrolls
 n - 2 scrolls of remove curse
 s - 4 scrolls of teleportation
 u - a scroll of enchant weapon
 v - a scroll of blinking
 x - a scroll of fear
 C - 2 scrolls of amnesia
 D - a scroll of magic mapping
 K - a scroll of holy word
Potions
 j - 5 potions of brilliance
 m - a potion of ambrosia
 p - 2 potions of mutation
 q - 3 potions of magic
 A - a potion of degeneration
 B - 7 potions of curing
 F - 2 potions of haste
 I - a potion of flight


   Skills:
 + Level 5.8 Fighting
 + Level 8.7 Short Blades
 + Level 3.5 Throwing
 + Level 6.1 Dodging
 + Level 13.8 Stealth
 + Level 0.5 Unarmed Combat
 + Level 0.1 Evocations


You had 9 spell levels left.
You didn't know any spells.
Your spell library contained the following spells:

 Spells                   Type           Power        Failure   Level  Hunger
 Infusion                 Chrm           #...         26%         1    ##.....
 Shroud of Golubria       Chrm/Tloc      #.........   38%         2    ###....
 Song of Slaying          Chrm           #.......     38%         2    ###....
 Regeneration             Chrm/Necr      #.........   63%         3    ####...
 Spectral Weapon          Hex/Chrm       #.......     63%         3    ####...


Dungeon Overview and Level Annotations

Branches:
Dungeon (9/15)             Temple (1/1) D:7            Lair (0/6) D:8
    Orc: D:9-12

Altars:
Ashenzari
Cheibriados
Elyvilon
Fedhas
Gozag
Hepliaklqana
Kikubaaqudgha
Makhleb
Nemelex Xobeh
Okawaru
Sif Muna
Trog
Vehumet
Wu Jian
Xom
Zin
The Shining One

Annotations:
D:9 Erica


Innate Abilities, Weirdness & Mutations

You do not heal naturally.
You are immune to poison.
You have razor-sharp teeth.
You have supernaturally acute eyesight. (SInv)
You can survive without breathing.


Message History

You kill the jelly!
The Council accepts your kill.
G - a wand of paralysis (9)
Found a robe.
A hound comes into view.
Found 16 sling bullets.
Fire/throw which item? (* to show all) (? for menu, Esc to quit)
Okay, then.
Evoke which item? (* to show all) (? for menu, Esc to quit)
Aiming: Disintegrate
Press: ? - help, Shift-Dir - straight line, f - hound
Aim: a hound (chance to defeat MR: 73%)
The hound is blasted!
You lunge at the hound.
You closely miss the hound.
The hound is almost dead.
The hound misses you.
You hit the hound.
The hound is poisoned.
The hound is almost dead.
The hound bites you.
You die...

#..........## ..##
##....####....##
....###....# #......#
#........ ##......##
#....... ##........#
#......# #..........
#......## ##..........
#.......# #...........
#...h@..###..........#
#....#............####
#...#...........###
#....####........##
#(..# ##........##
#.## ##.#.###..# ##
###.# #### ###


You could see a hound.

Vanquished Creatures
  The ghost of Paps the Covert, a novice OpFi of Hepliaklqana (D:7)
  Prince Ribbit (D:7)
  Grinder (D:5)
  A hippogriff (D:8)
  Sigmund (D:2)
  Eustachio (D:4)
  2 water moccasins (D:5)
  Duvessa (D:4)
  2 porcupines (D:8)
  A sky beast (D:5)
  An orc warrior (D:8)
  3 ice beasts
  A necrophage (D:6)
  2 ogres
  3 centaurs
  5 bullfrogs
  Dowan (D:4)
  2 howler monkeys
  2 hounds
  2 jellies
  2 orc priests
  2 bullfrog skeletons
  3 orc wizards (D:6)
  Terence (D:3)
  Jessica (D:3)
  2 iguanas
  Natasha (thrice) (D:3)
  3 worker ants
  A bullfrog simulacrum (D:7)
  A hound skeleton (D:7)
  A howler monkey skeleton (D:6)
  11 adders
  2 river rats (Sewer)
  3 shadow imps
  2 white imps (D:7)
  A worker ant simulacrum (D:7)
  2 oozes (Sewer)
  An adder skeleton (D:5)
  4 worms
  3 dart slugs
  4 leopard geckos
  16 orcs
  14 ball pythons
  2 bats (D:2)
  10 giant cockroaches
  8 goblins
  8 hobgoblins
  6 jackals
  7 quokkas
  6 frilled lizards
  9 kobolds
  A leopard gecko skeleton (D:6)
  A quokka zombie (D:7)
  35 rats
210 creatures vanquished.

Vanquished Creatures (others)
  11 toadstools (D:8)
11 creatures vanquished.

Grand Total: 221 creatures vanquished

Notes
Turn   | Place    | Note
-------+----------+-------------------------------------------
     0 | D:1      | myga the Vampire Assassin began the quest for the Orb.
     0 | D:1      | Reached XP level 1. HP: 16/16 MP: 1/1
    24 | D:1      | Reached skill level 6 in Stealth
   101 | D:1      | Reached XP level 2. HP: 8/22 MP: 2/2
   659 | D:1      | Reached skill level 7 in Stealth
   730 | D:1      | Reached XP level 3. HP: 23/27 MP: 3/3
  1369 | D:2      | Noticed Sigmund
  1376 | D:2      | Killed Sigmund
  1376 | D:2      | Reached skill level 8 in Stealth
  1376 | D:2      | Reached XP level 4. HP: 34/34 MP: 4/4
  1376 | D:2      | Reached XP level 5. HP: 39/39 MP: 5/5
  1856 | D:3      | Noticed Jessica
  1859 | D:3      | Killed Jessica
  1859 | D:3      | Reached skill level 9 in Stealth
  1859 | D:3      | Reached XP level 6. HP: 46/46 MP: 6/6
  1947 | D:3      | Found an iron altar of Okawaru.
  1952 | D:3      | Found a burning altar of Makhleb.
  1958 | D:3      | Found a glowing golden altar of the Shining One.
  2130 | D:3      | Noticed Terence
  2136 | D:3      | Killed Terence
  2328 | D:3      | Found a glowing drain.
  2342 | Sewer    | Entered a sewer
  4027 | Sewer    | Reached XP level 7. HP: 11/51 MP: 7/7
  4666 | D:3      | Noticed Natasha
  4672 | D:3      | Killed Natasha
  4672 | D:3      | Reached skill level 10 in Stealth
  4809 | D:3      | Noticed Natasha
  4841 | D:3      | Killed Natasha
  4866 | D:3      | Noticed Natasha
  4868 | D:3      | Killed Natasha
  5171 | D:4      | Noticed Eustachio
  5173 | D:4      | Killed Eustachio
  5316 | D:4      | Noticed Duvessa
  5316 | D:4      | Noticed Dowan
  5318 | D:4      | Killed Duvessa
  5318 | D:4      | Reached skill level 5 in Short Blades
  5328 | D:4      | Killed Dowan
  5534 | D:4      | Reached XP level 8. HP: 58/58 MP: 8/8
  5708 | D:5      | Entered Level 5 of the Dungeon
  5708 | D:5      | Found a glowing silver altar of Zin.
  5733 | D:5      | Reached skill level 5 in Dodging
  5733 | D:5      | Reached skill level 11 in Stealth
  6076 | D:5      | Found a deep blue altar of Sif Muna.
  6118 | D:5      | Noticed Grinder
  6133 | D:5      | Killed Grinder
  6133 | D:5      | Reached skill level 12 in Stealth
  6450 | D:5      | Found a sparkling altar of Nemelex Xobeh.
  7372 | D:6      | Reached XP level 9. HP: 65/65 MP: 9/9
  8171 | D:6      | Found a shattered altar of Ashenzari.
  8256 | D:7      | Found a staircase to the Ecumenical Temple.
  8270 | D:7      | Reached skill level 13 in Stealth
  8292 | Temple   | Entered the Ecumenical Temple
  8482 | Temple   | Became a worshipper of the Wu Jian Council
  8576 | D:7      | Found a snail-covered altar of Cheibriados.
  8576 | D:7      | Noticed Prince Ribbit
  8601 | D:7      | Killed Prince Ribbit
  9036 | D:7      | Found a runed translucent gate.
  9036 | D:7      | Found a runed translucent gate.
  9036 | D:7      | Found a runed translucent gate.
  9489 | D:7      | Reached skill level 5 in Fighting
 10344 | D:7      | Noticed Paps's ghost (novice OpFi)
 11276 | D:7      | Killed Paps's ghost
 11819 | D:7      | Got the ring "Juop Unag" {Fire}
 11839 | D:7      | Identified a scroll of acquirement
 11946 | D:7      | Identified the ring "Juop Unag" {Fire MR+} (You found it on
                  | level 7 of the Dungeon)
 11951 | D:7      | Got a twisted helmet
 11959 | D:7      | Identified the +0 helmet of Ytza {rF+ rC+} (You acquired it
                  | on level 7 of the Dungeon)
 12064 | D:8      | Reached XP level 10. HP: 39/74 MP: 10/10
 12793 | D:9      | Noticed Erica
 12931 | D:9      | HP: 1/76 [worker ant (4)]
 13032 | D:9      | Slain by a hound

Skill      XL: |  1  2  3  4  5  6  7  8  9 |
---------------+----------------------------+-----
Stealth        | 6 7 8 9 10 12 13 | 13.8
Fighting       | 2 3 4 5 |  5.8
Short Blades   | 3 4 5 6 8 |  8.7
Dodging        | 2 3 4 5 6 |  6.1
Throwing       | 2 3 |  3.5
Unarmed Combat | |  0.5
Evocations     | |  0.1

Action                   |  1- 3 |  4- 6 |  7- 9 | 10-12 || total
-------------------------+-------+-------+-------+-------++-------
Melee: Dagger            |   110 |   286 |    43 |       ||   439
       Bite              |     9 |    17 |    32 |    10 ||    68
       Unarmed           |       |     8 |       |       ||     8
       Rapier            |       |       |   296 |    51 ||   347
Throw: Tomahawk          |       |     1 |    19 |     1 ||    21
       Stone             |       |     6 |    12 |       ||    18
Invok: Lunge             |       |       |    12 |    10 ||    22
 Abil: End Transformatio |       |     1 |       |     1 ||     2
       Bat Form          |       |     1 |       |     1 ||     2
Evoke: Wand              |       |       |     2 |     2 ||     4
  Use: Scroll            |     4 |     4 |    14 |     4 ||    26
       Potion            |       |     7 |    19 |     3 ||    29
 Stab: Sleeping          |     9 |    18 |    29 |     7 ||    63
       Distracted        |       |     2 |     4 |       ||     6
Armor: Robe              |    14 |    68 |    32 |     1 ||   115
Dodge: Dodged            |    44 |   231 |   163 |    36 ||   474
       Deflected         |       |       |     1 |       ||     1
